 Dungeon Crawl Stone Soup version 0.28-a0-1344-g6b9ff3a05d (webtiles) character file.

Game seed: 9202068240634749536

199864 DoubleLucky the Warrior (level 18, -3/120 HPs)
             Began as a Tengu Summoner on Dec 28, 2021.
             Was a Believer of Yredelemnul.
             Slain by a ghost moth (19 damage)
             ... on level 4 of the Spider Nest on Dec 29, 2021.
             The game lasted 05:23:01 (54443 turns).

DoubleLucky the Warrior (Tengu Summoner)           Turns: 54443, Time: 05:23:02

Health: -3/120     AC:  8    Str:  7 (9)  XL:     18   Next: 94%
Magic:  0/33       EV: 22    Int: 22 (23) God:    Yredelemnul [**....]
Gold:   4498       SH:  0    Dex: 15      Spells: 13/37 levels left

rFire   + + .      SeeInvis +   P - +11 trident "Undertaker" {venom, Will+ rCorr}
rCold   . . .      Faith    .   O - +0 buckler
rNeg    + . .      Spirit   .   R - +1 leather armour "Abriorus" {+Inv rF+ rN+}
rPois   +          Reflect  .   (helmet restricted)
rElec   .          Harm     .   D - +0 cloak
rCorr   +          Rampage  .   l - +2 pair of gloves {infuse}
Will    ++...                   (boots unavailable)
Stlth   +.........              U - amulet of regeneration
HPRegen 1.10/turn               c - ring of poison resistance
MPRegen 0.23/turn               a - ring "Asolamai" {Drain Fly rF+ SInv}

@: confused, brilliant, ambrosia-drunk, flying quickly and evasively, quick
A: beak, talons 3, nimble flight
a: Renounce Religion, Evoke Invisibility, Recall Undead Harvest, Dark Bargain


You were on level 4 of the Spider Nest.
You worshipped Yredelemnul.
Yredelemnul was noncommittal.
You visited 5 branches of the dungeon, and saw 30 of its levels.
You also visited: Ice Cave and Volcano.

You collected 5144 gold pieces.
You spent 646 gold pieces at shops.

Inventory:

Hand Weapons
 P - the +11 trident "Undertaker" (weapon) {venom, Will+ rCorr}
   (You found it on level 1 of the Lair of Beasts)

   It poisons the flesh of those it strikes.
   rCorr:     It protects you from acid and corrosion.
   Will:      It increases your willpower.
 Y - the +11 halberd "Ymaohi" {elec, rC+ SInv}
   (You found it on level 3 of the Snake Pit)

   It occasionally discharges a powerful burst of electricity upon striking a
   foe.
   rC:        It protects you from cold.
   SInv:      It lets you see invisible.
Armour
 l - a +2 pair of gloves of infusion (worn)
 C - a +2 robe of cold resistance
 D - a +0 cloak (worn)
 O - a +0 buckler (worn)
 R - the +1 leather armour "Abriorus" (worn) {+Inv rF+ rN+}
   (You found it on level 5 of the Lair of Beasts)

   rF:        It protects you from fire.
   rN:        It protects you from negative energy.
   +Inv:      It lets you turn invisible.
Jewellery
 a - the ring "Asolamai" (right hand) {Drain Fly rF+ SInv}
   (You found it on level 4 of the Lair of Beasts)

   [ring of flight]

   rF:        It protects you from fire.
   SInv:      It lets you see invisible.
   Fly:       It grants you flight.
   Drain:     It drains your maximum health when unequipped.
 b - an amulet of reflection
 c - a ring of poison resistance (left hand)
 e - a ring of positive energy
 v - a ring of wizardry
 N - a +6 ring of strength
 S - a ring of protection from fire
 U - an amulet of regeneration (around neck)
Wands
 f - a wand of digging (15)
 k - a wand of iceblast (3)
 y - a wand of polymorph (4)
 E - a wand of paralysis (16)
 K - a wand of flame (47)
 L - a wand of charming (4)
 Q - a wand of acid (2)
Scrolls
 g - 4 scrolls of brand weapon
 h - 4 scrolls of fog
 i - 5 scrolls of immolation
 j - 6 scrolls of enchant weapon
 n - 3 scrolls of amnesia
 q - a scroll of fear
 s - a scroll of identify
 u - 13 scrolls of teleportation
 F - 3 scrolls of blinking
 G - 5 scrolls of magic mapping
 V - 2 scrolls of enchant armour
 W - a scroll of summoning
Potions
 d - a potion of berserk rage
 o - 3 potions of brilliance
 p - 2 potions of resistance
 r - 2 potions of ambrosia
 w - 3 potions of might
 x - 3 potions of curing
 A - 3 potions of lignification
 T - 5 potions of mutation
Miscellaneous
 I - a condenser vane
 J - a tin of tremorstones (2/2)
 X - a phial of floods


   Skills:
 + Level 16.2 Fighting
 - Level 11.0 Polearms
 - Level 15.0 Dodging
 - Level 2.0 Stealth
 - Level 4.6 Shields
 * Level 10.0 Spellcasting
 - Level 13.0 Conjurations
 * Level 12.8 Summonings
 - Level 6.0 Ice Magic
 - Level 13.0 Air Magic
 - Level 10.0 Poison Magic
 - Level 7.1 Invocations
 - Level 4.2 Evocations


You had 13 spell levels left.
You knew the following spells:

 Your Spells              Type           Power      Damage    Failure   Level
a - Poisonous Vapours     Pois/Air       100%       N/A       1%          2
b - Summon Lightning Spi  Summ/Air       80%        N/A       1%          4
c - Call Canine Familiar  Summ           79%        N/A       1%          3
d - Olgreb's Toxic Radia  Pois           70%        N/A       1%          4
e - Summon Guardian Gole  Hex/Summ       56%        N/A       1%          3
f - Freezing Cloud        Conj/Ice/Air   36%        6-21      3%          5
g - Summon Small Mammal   Summ           100%       N/A       1%          1
h - Call Imp              Summ           79%        N/A       1%          2

Your spell library contained the following spells:

 Spells                   Type           Power      Damage    Failure   Level
 Sting                    Tmut/Pois      100%       1d8       1%          1
 Flame Wave               Conj/Fire      56%        2d9       6%          4
 Fulminant Prism          Conj/Hex       28%        3d14      6%          4
 Iskenderun's Mystic Bla  Conj/Tloc      56%        2d12      6%          4
 Summon Cactus Giant      Summ           39%        N/A       7%          6
 Animate Skeleton         Necr           32%        N/A       9%          1
 Pain                     Necr           64%        1d7       9%          1
 Slow                     Hex            64%        N/A       9%          1
 Scorch                   Fire           32%        2d6       14%         2
 Irradiate                Conj/Tmut      28%        3d23      17%         5
 Confusing Touch          Hex            16%        N/A       26%         3
 Gell's Gravitas          Tloc           16%        N/A       26%         3
 Lesser Beckoning         Tloc           16%        N/A       26%         3
 Portal Projectile        Hex/Tloc       32%        N/A       26%         3
 Teleport Other           Tloc           16%        N/A       26%         3
 Vampiric Draining        Necr           16%        2d7       26%         3
 Alistair's Intoxication  Tmut/Pois      32%        N/A       32%         5
 Eringya's Noxious Bog    Tmut/Pois      24%        N/A       87%         6
 Blade Hands              Tmut           8%         N/A       94%         5
 Borgnjor's Vile Clutch   Necr/Erth      8%         N/A       94%         5
 Excruciating Wounds      Necr           8%         N/A       94%         5
 Lee's Rapid Deconstruct  Erth           8%         3d8*      94%         5
 Simulacrum               Ice/Necr       18%        N/A       99%         6
 Dragon Form              Tmut           8%         N/A       100%        7
 Ozocubu's Refrigeration  Ice            27%        4d10      100%        7
 Borgnjor's Revivificati  Necr           8%         N/A       100%        8
 Ignition                 Fire           8%         3d5       100%        8
 Necromutation            Tmut/Necr      8%         N/A       100%        8
 Death's Door             Necr           8%         N/A       100%        9
 Polar Vortex             Ice            27%        N/A       100%        9


Dungeon Overview and Level Annotations

Branches:
Dungeon (15/15)            Temple (0/1) D:5            Lair (6/6) D:9
  Snake (3/4) Lair:3       Spider (4/4) Lair:2        Slime (0/5) Lair:5
    Orc (2/2) D:9          Vaults (0/5) D:13         Depths (0/4) D:15
  IceCv (visited)         Volcano (visited)
    Elf: Orc:2

Altars:
Ashenzari
Fedhas
Hepliaklqana
Kikubaaqudgha
Sif Muna
Uskayaw
Vehumet
Yredelemnul
Zin
Jiyva

Shops:
D:4 [   Snake:1 !=

Annotations:
D:9 3 runed translucent doors
D:14 3 runed translucent doors, Lovvuda's ghost, journeyman MiBe
D:15 Roxanne
Orc:2 Azrael; Nessos


Innate Abilities, Weirdness & Mutations

You have a beak for a mouth.
You have claws for feet.
Your magical nature lets you fly swiftly and evasively.


Message History

The ghost moth stares at you.
The ghost moth hits your lightning spire!
The ghost moth hits your lightning spire.
The ghost moth stings your lightning spire.
Your jumping spider zombie is caught in a web!
You block the jumping spider's attack.
The jumping spider completely misses you.
Your tarantella zombie hits the ghost moth but does no damage.
The ghost moth stares at you. The ghost moth closely misses you.
The ghost moth hits you but does no damage.
You block the ghost moth's attack.
Your warg bites the jumping spider!
The jumping spider dies!
A black mist starts to gather...
You hit the ghost moth but do no damage.
Your kick misses the ghost moth.
The ghost moth is heavily wounded.
Your jumping spider zombie pulls away from the web.
Your tarantella zombie is caught in a web!
The ghost moth stares at you. The ghost moth hits you!
The ghost moth hits you!!
* * * LOW HITPOINT WARNING * * *
You feel weakened. The ghost moth closely misses you.
You are confused.
You feel invigorated.
Your warg bites the ghost moth but does no damage.
The ghost moth stares at you.
You feel your power leaking away. The ghost moth hits you!!
* * * LOW HITPOINT WARNING * * *
The ghost moth closely misses you.
The ghost moth stings you but does no damage.
Your jumping spider zombie closely misses the ghost moth.
Your jumping spider zombie bites the ghost moth.
Your tarantella zombie struggles to get unstuck from the web.
The ghost moth stares at you. The ghost moth completely misses you.
The ghost moth hits you!!
You die...
Your body rises from the dead as a mindless zombie.

*≈,,^,*,,,,#^.(.#,,,,*,,,,≈*
*,^,*,,,***##..##***,,,*,,^*
*,≈****** #≈#.≈# ******≈,* ****
#^...# **** ##..## ##....##
###..ZhZ^###
######....yy8.^.###### ###
##^.........@....#.##.#####.#
####.....^?..^Z.......#Z.#.#.^.#
##^.^#..#..##^##...#^#...Z^h.Z.##
#.#^#.....#........^....#..ZZ.Z^#
.#..#..#........^^#^#....##...^ZZ
.^[^#.#^.#^..##<.#...#..###..#..#
##[...##...#.#.#.........#....#.^
.^.[#............^#..#....^#^.^..
..#.......^.#.^..#^...^..^#..#...


You could see 2 ghost moths, a friendly warg (summoned), a friendly lightning
spire (summoned), 2 friendly jumping spider zombies and a friendly tarantella
zombie (webbed).

Vanquished Creatures
  Kirke (D:14)
  A ghost moth (Spider:4)
  A frost giant (IceCv)
  An emperor scorpion (Spider:3)
  3 entropy weavers
  3 spark wasps
  An ettin (D:13)
  3 hydras
  5 boulder beetles
  A rakshasa (D:15)
  2 catoblepae
  A naga warrior (Snake:2)
  A salamander tyrant (Snake:2)
  A two-headed ogre (D:12)
  4 anacondas
  A centaur warrior (D:14)
  8 death yaks
  A naga sharpshooter (Snake:3)
  A shock serpent (Snake:2)
  A pharaoh ant (Spider:3)
  A sun moth (Spider:2)
  A skeletal warrior (D:12)
  3 orb spiders
  A phantasmal warrior (D:13)
  An orc knight (D:11)
  8 wolf spiders
  A naga ritualist (Snake:1)
  A mana viper (Snake:2)
  2 manticores
  4 salamanders (Snake:2)
  7 ugly things
  2 cyclopes
  17 black mambas
  A guardian serpent (shapeshifter) (D:15)
  5 elephants
  A guardian serpent (Snake:3)
  6 naga magi
  2 cane toads
  3 torpor snails
  3 rime drakes
  3 komodo dragons
  3 yaktaurs (D:15)
  7 demonic crawlers
  12 meliai
  A queen bee (shapeshifter) (D:14)
  A troll (Orc:1)
  A polar bear (IceCv)
  4 hornets (Spider:4)
  14 tarantellas
  A dream sheep (Lair:6)
  3 slime creatures
  A meliai zombie (D:11)
  4 culicivoras
  25 jumping spiders
  A shadow (D:13)
  A water elemental (D:15)
  A wyvern (Lair:6)
  30 yaks
  2 hogs (D:14)
  33 redbacks
  A basilisk (Lair:2)
  A warg (Orc:2)
  An acid dragon (D:11)
  11 nagas
  3 water moccasins
  5 orc warriors
  An ogre (Orc:1)
  9 wolves
  A centaur (D:8)
  5 bullfrogs
  2 earth elementals (Volcano)
  A scorpion (Lair:2)
  4 killer bees (D:12)
  A wight (D:4)
  3 electric eels
  2 centaur zombies
  A jelly (Lair:5)
  A hound (D:4)
  A centaur skeleton (D:7)
  8 orc priests
  Natasha (D:3)
  3 orc wizards
  A hell rat (Lair:2)
  2 adders
  4 shadow imps (D:3)
  12 white imps
  An adder zombie (D:4)
  A worm (Lair:2)
  A dart slug (D:4)
  14 orcs
  4 ball pythons
  A bat (D:1)
  An endoplasm (D:4)
  3 giant cockroaches
  2 goblins (D:2)
  3 hobgoblins (D:1)
  5 jackals
  2 kobolds
  2 frilled lizards (D:2)
384 creatures vanquished.

Vanquished Creatures (collateral kills)
  Jorgrun (D:12)
  A nagaraja (Snake:3)
  An emperor scorpion (Spider:4)
  2 ghost moths (Spider:2)
  A broodmother (Spider:4)
  A very ugly thing (D:15)
  4 entropy weavers
  3 spark wasps
  Harold (Lair:1)
  Fannar (Lair:3)
  A boulder beetle (Spider:1)
  2 salamander tyrants
  8 hydras
  3 anacondas
  5 naga warriors
  3 catoblepae (Lair:6)
  3 jorogumos
  2 centaur warriors (D:14)
  3 two-headed ogres
  Erica (D:8)
  10 death yaks
  A tengu warrior (D:13)
  3 naga sharpshooters
  2 shock serpents
  3 salamander mystics
  3 pharaoh ants
  2 sun moths
  2 skeletal warriors (D:12)
  4 steelbarb worms
  2 sea snakes (Snake:1)
  3 naga ritualists
  10 orb spiders
  An orc knight (D:15)
  Pikel (D:4)
  2 lindwurms
  6 mana vipers
  3 ugly things (D:14)
  2 deep elf pyromancers
  12 wolf spiders
  7 salamanders
  13 elephants
  4 manticores
  A moth of wrath (Spider:2)
  A centaur zombie (D:10)
  An ice statue (IceCv)
  Maurice (D:8)
  18 black mambas
  4 cyclopes
  3 guardian serpents
  The ghost of Gargoyl the Skirmisher, a novice GnAK of Lugonu (D:5)
  6 naga magi
  13 cane toads
  5 rime drakes
  2 torpor snails (Spider:3)
  5 demonic crawlers
  2 unseen horrors
  An efreet (D:15)
  8 komodo dragons
  A tengu conjurer (D:15)
  A yaktaur (D:15)
  9 meliai
  2 trolls
  14 tarantellas
  A wolf spider simulacrum (D:15)
  4 polar bears
  7 slime creatures
  5 hornets (Spider:4)
  13 dream sheep (Lair:6)
  5 blink frogs
  15 jumping spiders
  7 culicivoras
  A water elemental (D:15)
  2 wraiths (D:10)
  40 yaks
  Eustachio (D:4)
  3 wyverns
  2 steam dragons
  A basilisk (Lair:3)
  A hog (D:14)
  27 redbacks
  2 vampire mosquitoes (D:14)
  17 nagas
  3 swamp worms (D:7)
  2 wargs (D:9)
  An acid dragon (D:13)
  16 water moccasins
  9 orc warriors
  A black bear (D:4)
  An ice beast (D:7)
  A sky beast (D:7)
  2 centaurs
  3 ogres
  2 necrophages
  12 wolves
  A lemure (D:4)
  A phantom (D:4)
  A salamander zombie (Snake:2)
  2 kobold brigands
  9 bullfrogs
  5 scorpions
  A wyvern zombie (D:5)
  A wyvern skeleton (D:7)
  4 killer bees
  9 wights
  6 howler monkeys
  2 electric eels
  A wolf zombie (IceCv)
  A jelly (Lair:5)
  Crazy Yiuf (D:6)
  6 orc priests
  4 iguanas
  Natasha (D:3)
  11 orc wizards
  9 hell rats
  A killer bee zombie (D:9)
  A hound zombie (D:5)
  A hound skeleton (D:4)
  2 howler monkey zombies
  4 gnolls (D:2)
  A howler monkey skeleton (D:6)
  8 adders
  A shadow imp (D:7)
  3 white imps
  3 ufetubi
  A worm (Lair:2)
  2 dart slugs
  32 orcs
  7 bats
  10 endoplasms
  2 giant cockroaches
  6 goblins
  8 hobgoblins
  2 jackals
  7 kobolds
  A quokka (D:2)
  5 ball pythons
  2 frilled lizards (D:1)
  3 kobold zombies
  3 orc zombies
  A rat (D:1)
  A butterfly (Lair:5)
643 creatures vanquished.

Vanquished Creatures (others)
  An emperor scorpion (Spider:4)
  A spectral entropy weaver (Spider:4)
  2 anacondas (Snake:1)
  Urug (D:10)
  A spark wasp zombie (Spider:4)
  3 anaconda zombies
  An ugly thing zombie (D:15)
  A wolf spider (Spider:1)
  6 wolf spider zombies
  A mana viper (Snake:3)
  A spectral glowing orange brain (Snake:3)
  A naga mage (Snake:1)
  A spectral sun moth (Spider:2)
  A spectral rakshasa (D:15)
  2 shock serpent zombies
  A spectral slime creature (D:15)
  3 death yak zombies
  2 cane toads
  A catoblepas zombie (Lair:6)
  3 orb spider zombies
  A sea snake zombie (Snake:1)
  A rime drake (IceCv)
  4 spectral mana vipers
  18 redback zombies
  3 spectral redbacks (Spider:2)
  A hydra zombie (Lair:6)
  A sun moth zombie (Spider:2)
  A tarantella (Spider:1)
  5 tarantella zombies
  A blink frog (Lair:1)
  5 culicivora zombies
  7 jumping spider zombies
  9 meliai zombies
  A hornet (Spider:4)
  A culicivora (Spider:1)
  11 black mamba zombies
  A spectral troll (D:15)
  2 yaks
  5 redbacks
  5 salamander zombies
  4 cane toad zombies
  A water moccasin (Lair:3)
  5 elephant zombies (Lair:6)
  11 naga zombies
  3 hornet zombies (Spider:4)
  8 dream sheep zombies (Lair:6)
  A human zombie (Lair:1)
  2 blink frog zombies (Lair:1)
  A lindwurm zombie (Lair:6)
  A wolf (IceCv)
  4 rime drake zombies
  A torpor snail zombie (Lair:6)
  2 komodo dragon zombies
  A bullfrog (D:8)
  8 water moccasin zombies
  A tengu zombie (D:15)
  A warg zombie (D:9)
  2 polar bear zombies (IceCv)
  15 yak zombies
  2 killer bees (D:6)
  8 wolf zombies
  2 centaur zombies
  7 bullfrog zombies
  2 orc wizards
  3 killer bee zombies
  A necrophage zombie (D:4)
  An acid dragon zombie (D:11)
  2 hell rat zombies (Lair:2)
  2 adder zombies
  An iguana zombie (D:7)
  4 spectral white imps
  A ball python zombie (D:4)
  2 giant cockroach zombies (Lair:2)
  A hobgoblin zombie (D:4)
  2 kobold zombies (D:6)
  27 orc zombies
  A spectral endoplasm (D:4)
  64 fungi
  59 plants
381 creatures vanquished.

Grand Total: 1408 creatures vanquished

Notes
Turn   | Place    | Note
-------+----------+-------------------------------------------
     0 | D:1      | DoubleLucky the Tengu Summoner began the quest for the Orb.
     0 | D:1      | Reached XP level 1. HP: 10/10 MP: 4/4
   332 | D:1      | Reached skill level 5 in Summonings
   528 | D:1      | Reached XP level 2. HP: 15/15 MP: 3/6
   960 | D:1      | Reached XP level 3. HP: 10/19 MP: 5/7
  1977 | D:1      | Learned a level 2 spell: Call Imp
  2179 | D:2      | Learned a level 3 spell: Call Canine Familiar
  2208 | D:2      | Reached skill level 1 in Air Magic
  2209 | D:2      | Reached XP level 4. HP: 24/24 MP: 2/9
  2676 | D:2      | Reached skill level 1 in Fighting
  2767 | D:2      | Found a faded altar of an unknown god.
  3210 | D:3      | Found a transporter.
  3244 | D:3      | Noticed Natasha
  3248 | D:3      | Killed Natasha
  3249 | D:3      | Gained mutation: Your magical nature lets you fly swiftly
                  | and evasively. [Tengu growth]
  3249 | D:3      | Reached XP level 5. HP: 29/29 MP: 3/10
  3433 | D:3      | Found a transporter.
  3550 | D:3      | Noticed an ogre
  3591 | D:3      | Killed an ogre
  3592 | D:3      | Reached XP level 6. HP: 35/35 MP: 7/11
  4086 | D:3      | Reached skill level 2 in Fighting
  4096 | D:3      | Noticed Natasha
  4117 | D:3      | Killed Natasha
  4492 | D:3      | Found a broken altar of Ashenzari.
  4492 | D:3      | Found a basalt altar of Yredelemnul.
  4495 | D:3      | Became a worshipper of Yredelemnul the Dark
  4722 | D:4      | Noticed a necrophage
  4738 | D:4      | Killed a necrophage
  4739 | D:4      | Reached * piety under Yredelemnul
  4739 | D:4      | Reached XP level 7. HP: 40/40 MP: 9/13
  5076 | D:4      | Found Petacuh's Armour Emporium.
  5339 | D:4      | Reached skill level 3 in Fighting
  5699 | D:4      | Noticed Pikel
  5778 | D:4      | Killed Pikel
  5779 | D:4      | Reached skill level 5 in Dodging
  5779 | D:4      | Reached skill level 5 in Air Magic
  5779 | D:4      | Reached XP level 8. HP: 48/48 MP: 2/15
  6642 | D:5      | Entered Level 5 of the Dungeon
  6642 | D:5      | Noticed Eustachio
  6689 | D:4      | Reached skill level 4 in Fighting
  6802 | D:4      | Killed Eustachio
  7473 | D:4      | Reached skill level 5 in Spellcasting
  7508 | D:4      | Reached XP level 9. HP: 9/52 MP: 1/17
  7767 | D:4      | Learned a level 4 spell: Summon Lightning Spire
  7771 | D:4      | Learned a level 3 spell: Summon Guardian Golem
  8308 | D:5      | Found a runed translucent door.
  8309 | D:5      | Noticed Gargoyl's ghost (novice GnAK)
  8379 | D:5      | Found a staircase to the Ecumenical Temple.
  8875 | D:6      | Reached ** piety under Yredelemnul
  8875 | D:6      | Reached skill level 5 in Fighting
  9083 | D:6      | Found a blossoming altar of Fedhas.
  9525 | D:6      | HP: 2/54 [poisoned by a water moccasin]
 10358 | D:6      | Found a runed translucent door.
 10359 | D:6      | Noticed Crazy Yiuf
 10496 | D:6      | Killed Crazy Yiuf
 11193 | D:7      | Reached XP level 10. HP: 60/60 MP: 7/20
 11435 | D:7      | Reached skill level 6 in Fighting
 11766 | D:7      | Found a glowing silver altar of Zin.
 11772 | D:7      | Found a hide-covered altar of Uskayaw.
 12017 | D:8      | Noticed a two-headed ogre
 12019 | D:8      | Noticed Erica
 12030 | D:8      | Killed Erica
 12090 | D:8      | Noticed Maurice
 12107 | D:8      | Paralysed by Maurice for 7 turns
 12128 | D:8      | Killed Maurice
 12377 | D:8      | Killed a two-headed ogre
 12457 | D:8      | Reached skill level 10 in Summonings
 12607 | D:8      | Found an ancient bone altar of Kikubaaqudgha.
 12613 | D:8      | Found a radiant altar of Vehumet.
 12616 | D:8      | Found a shimmering blue altar of Sif Muna.
 12622 | D:8      | Got Kikubaaqudgha's Incunabulum of Black Rites
 13084 | D:8      | Found a hazy altar of Hepliaklqana.
 13209 | D:9      | Reached skill level 7 in Fighting
 13449 | D:9      | Reached XP level 11. HP: 67/67 MP: 17/22
 13614 | D:9      | Reached *** piety under Yredelemnul
 13711 | D:9      | Reached **** piety under Yredelemnul
 13790 | D:9      | Found a staircase to the Lair.
 13796 | D:9      | Reached ***** piety under Yredelemnul
 13880 | D:9      | Found a staircase to the Orcish Mines.
 13955 | D:9      | Noticed a two-headed ogre
 13978 | D:9      | Killed a two-headed ogre
 14187 | D:9      | Found a runed translucent gate.
 14187 | D:9      | Found a runed translucent gate.
 14187 | D:9      | Found a runed translucent gate.
 14187 | D:9      | Noticed a purple ugly thing
 14188 | D:9      | Noticed a red ugly thing
 14188 | D:9      | Noticed a cyan ugly thing
 14188 | D:9      | Noticed a purple ugly thing
 14188 | D:9      | Noticed a brown ugly thing
 14188 | D:9      | Noticed a purple ugly thing
 14707 | D:9      | Noticed a swamp dragon
 14707 | D:9      | Noticed a sea snake
 14707 | D:9      | a swamp dragon changed into a sea snake
 14713 | D:9      | Noticed a deep troll
 14713 | D:9      | a sea snake changed into a deep troll
 14734 | D:9      | Noticed an orb spider
 14735 | D:9      | Noticed a moth of wrath
 14735 | D:9      | an orb spider changed into a moth of wrath
 14742 | D:9      | Noticed a glowing shapeshifter
 14742 | D:9      | a moth of wrath changed into a glowing shapeshifter
 14743 | D:9      | Noticed a sea snake
 14743 | D:9      | a glowing shapeshifter changed into a sea snake
 14748 | D:10     | Entered Level 10 of the Dungeon
 14789 | D:10     | Reached skill level 10 in Air Magic
 14918 | D:10     | Noticed Urug
 14960 | D:10     | Killed Urug
 15186 | D:10     | Learned a level 2 spell: Poisonous Vapours
 15710 | D:11     | Noticed a four-headed hydra
 15766 | Lair:1   | Entered Level 1 of the Lair of Beasts
 15969 | Lair:1   | Reached skill level 8 in Fighting
 15969 | Lair:1   | Reached skill level 1 in Poison Magic
 16235 | Lair:1   | Identified the +11 trident "Undertaker" {venom, Will+
                  | rCorr}
 16400 | Lair:1   | Noticed Harold
 16416 | Lair:1   | Killed Harold
 16417 | Lair:1   | Reached skill level 1 in Polearms
 16531 | Lair:1   | Reached XP level 12. HP: 75/75 MP: 18/25
 16629 | Lair:1   | Your ally Harold died
 17182 | Lair:1   | Reached skill level 10 in Dodging
 18151 | Lair:2   | Reached skill level 9 in Fighting
 18191 | Lair:2   | Noticed a seven-headed hydra
 18202 | Lair:2   | Killed a seven-headed hydra
 18366 | Lair:2   | Reached skill level 1 in Invocations
 18547 | Lair:2   | Reached skill level 5 in Poison Magic
 19054 | Lair:2   | Noticed a boulder beetle
 19060 | Lair:2   | Found a hole to the Spider Nest.
 19070 | Lair:2   | Killed a boulder beetle
 19096 | Lair:2   | Reached skill level 5 in Polearms
 19383 | Lair:3   | Noticed a boulder beetle
 19405 | Lair:3   | Killed a boulder beetle
 19491 | Lair:3   | Reached XP level 13. HP: 34/80 MP: 2/26
 20059 | Lair:3   | Learned a level 4 spell: Olgreb's Toxic Radiance
 20072 | Lair:3   | Noticed Fannar
 20094 | Lair:3   | Killed Fannar
 20477 | Lair:3   | Found a staircase to the Snake Pit.
 20805 | Lair:4   | Identified the ring "Asolamai" {Drain Fly rF+ SInv}
 20921 | Lair:4   | Reached skill level 10 in Fighting
 21032 | Lair:4   | Found a dark tunnel.
 21075 | Volcano  | Entered a volcano
 21239 | Volcano  | HP: 2/82 [molten gargoyle/bolt of magma (19)]
 22701 | Lair:5   | Found a staircase to the Slime Pits.
 23020 | Lair:5   | You are sucked into a shaft and drop 1 floor!
 23020 | Lair:6   | Entered Level 6 of the Lair of Beasts
 23236 | Lair:6   | Reached XP level 14. HP: 74/88 MP: 24/27
 23410 | Lair:6   | Reached ****** piety under Yredelemnul
 23419 | Lair:6   | Reached skill level 5 in Invocations
 23730 | Lair:6   | Upgraded the game from 0.28-a0-1334-g1c9ffb4daf to
                  | 0.28-a0-1344-g6b9ff3a05d
 24100 | Lair:6   | Reached skill level 10 in Poison Magic
 24109 | Lair:6   | Reached skill level 11 in Fighting
 24773 | Lair:6   | Reached skill level 1 in Shields
 25822 | Lair:5   | Identified the +1 leather armour "Abriorus" {+Inv rF+ rN+}
 26716 | Orc:1    | Entered Level 1 of the Orcish Mines
 26730 | Orc:1    | Reached XP level 15. HP: 75/95 MP: 7/28
 26903 | Orc:1    | Found a frozen archway.
 26921 | IceCv    | Entered an ice cave
 27581 | IceCv    | Noticed a frost giant
 27627 | IceCv    | Killed a frost giant
 28520 | Orc:2    | Entered Level 2 of the Orcish Mines
 28538 | Orc:2    | Noticed Azrael
 28542 | Orc:2    | Noticed Nessos
 29198 | D:5      | Killed Gargoyl's ghost
 29512 | D:11     | Reached skill level 1 in Ice Magic
 30581 | D:12     | Reached skill level 12 in Fighting
 30823 | D:12     | Identified the +8 hand axe "Fugiej" {vorpal, *Rage rPois
                  | Will+++ Int-3}
 31029 | D:12     | Reached skill level 1 in Evocations
 31261 | D:12     | Noticed Jorgrun
 31267 | D:12     | Killed Jorgrun
 32668 | D:13     | Reached skill level 10 in Polearms
 33417 | D:13     | Found a faded altar of an unknown god.
 33417 | D:13     | Found a hazy altar of Hepliaklqana.
 33419 | D:13     | Found a faded altar of an unknown god.
 34291 | D:13     | Found a gate to the Vaults.
 34768 | D:14     | Reached XP level 16. HP: 97/102 MP: 17/30
 34965 | D:14     | Found a runed translucent gate.
 34965 | D:14     | Found a runed translucent gate.
 34965 | D:14     | Found a runed translucent gate.
 34974 | D:14     | Noticed an azure jelly
 34975 | D:14     | Noticed Lovvuda's ghost (journeyman MiBe)
 34978 | D:14     | Noticed a rockslime
 34980 | D:14     | Noticed a rockslime
 35125 | D:14     | Reached skill level 1 in Conjurations
 36415 | D:14     | Noticed Kirke
 36436 | D:14     | Killed Kirke
 36712 | D:14     | Found a viscous altar of Jiyva.
 36855 | D:15     | Entered Level 15 of the Dungeon
 38140 | D:15     | Found a staircase to the Depths.
 39048 | D:15     | Noticed Roxanne
 39444 | Snake:1  | Entered Level 1 of the Snake Pit
 39731 | Snake:1  | Found Joshraff's Jewellery Shop.
 39732 | Snake:1  | Found Osayc's Distillery.
 39751 | Snake:1  | Bought 2 potions of heal wounds for 190 gold pieces
 39751 | Snake:1  | Bought a potion of magic for 152 gold pieces
 39751 | Snake:1  | Bought a potion of curing for 57 gold pieces
 39751 | Snake:1  | Bought a potion of heal wounds for 95 gold pieces
 39751 | Snake:1  | Bought a potion of cancellation for 152 gold pieces
 40114 | Snake:1  | Reached skill level 5 in Conjurations
 41024 | Snake:1  | Identified the +5 spear "Hix Wem" {vorpal, rElec rC+}
 41314 | Snake:2  | Reached skill level 5 in Ice Magic
 41519 | Snake:2  | Reached skill level 13 in Fighting
 41888 | Snake:2  | Reached XP level 17. HP: 55/108 MP: 28/31
 42100 | Snake:2  | Reached skill level 10 in Spellcasting
 42946 | Snake:2  | Reached skill level 15 in Dodging
 44835 | Snake:3  | Reached skill level 14 in Fighting
 45168 | Snake:3  | Found a broken altar of Ashenzari.
 45293 | Snake:3  | Identified the +11 halberd "Ymaohi" {elec, rC+ SInv}
 46438 | Spider:1 | Entered Level 1 of the Spider Nest
 49139 | Spider:1 | Reached skill level 10 in Conjurations
 49967 | Spider:2 | Reached skill level 15 in Fighting
 50519 | Spider:2 | Reached XP level 18. HP: 106/119 MP: 29/33
 51912 | Spider:3 | Identified a scroll of acquirement
 52325 | Spider:3 | Identified the +8 arbalest "Toppe" {penet, rElec rN++ MP-9
                  | Int+3}
 52394 | Spider:3 | Acquired 1055 gold pieces
 52396 | Spider:3 | Acquired a +2 pair of gloves of infusion
 52430 | Spider:3 | Identified the +3 falchion of Impermanence {vorpal, rN+
                  | Will+ Dex+4}
 52867 | Spider:4 | Entered Level 4 of the Spider Nest
 52878 | Spider:4 | Acquired 1106 gold pieces
 52941 | Spider:4 | Reached skill level 16 in Fighting
 53253 | Spider:4 | Learned a level 5 spell: Freezing Cloud
 54443 | Spider:4 | Slain by a ghost moth

Illustrated notes

Levels and vault maps discovered:
D:1:      amcnicky_arrival_single_pillar, layout_loops_corners
D:2:      layout_loops_ring, nicolae_ecumenical_lake_church,
          hangedman_feature_mirror, nicolae_concentric_dashed_squares_wild
D:3:      gammafunk_wand_slinger, layout_basic,
          gammafunk_temple_overflow_elements, kennysheep_minor_cross,
          lemuel_flame_loot_1, uniq_natasha
D:4:      layout_basic, serial_shops, nicolae_square_shop,
          lightli_corner_chamber, uniq_pikel
D:5:      layout_rooms, minmay_temple_entry_offerings,
          ebering_ghost_inner_flame, uniq_eustachio
D:6:      layout_basic, fedhas_altar_3, uniq_crazy_yiuf_cottage
D:7:      layout_layer_cave, minitemple, worms_lemuel
D:8:      layout_gridville, grunt_temple_overflow_magic_moments,
          lemuel_round_altar, uniq_maurice, uniq_erica
D:9:      layout_stronghold, erik_lair_orcish_takeover, orc_0_dummy,
          ploomutoo_gammafunk_ghost_potion_laboratory
D:10:     layout_basic, uniq_urug
D:11:     layout_loops_ring
D:12:     layout_basic, eino_jars, uniq_jorgrun
D:13:     layout_cave_pods, david_vaults_4, chequers_serial_rivers_micro_c,
          nicolae_hepliaklqana_ecumenical_no_more
D:14:     layout_roguey, gammafunk_ghost_ooze, beargit_elvish_explorers,
          uniq_kirke
D:15:     gammafunk_enter_depths_forms, layout_basic, hangedman_decor_riveting,
          hangedman_abyss_or_decor_clamps, minmay_orc_keep, uniq_roxanne
Lair:1:   layout_cave_pods, chequers_serial_rivers_small_a,
          infiniplex_staircase_pool_2, grunt_megastairs_4, uniq_harold
Lair:2:   layout_misc_corridors, nicolae_spider_entry_non_spiders,
          grunt_megastairs_3
Lair:3:   layout_regular_city, minmay_snake_entry_guardpost_medium,
          grunt_megastairs_2, serial_bayou_shore_b, uniq_fannar
Lair:4:   layout_regular_city, nicolae_volcano_entry_vermiform
Lair:5:   layout_cave_pods, minmay_slime_entry_pillars,
          infiniplex_staircase_pool, lemuel_fruit_fields
Lair:6:   hangedman_lair_in_review, layout_layer_cave
Snake:1:  layout_grid_maze, drop_trap, serial_bayou_shore_a,
          serial_bayou_shore_b, minmay_shoptagon
Snake:2:  layout_chambers
Snake:3:  layout_chambers, basic_altar, nicolae_snake_omega
Spider:1: layout_spider_delve
Spider:2: layout_spider_delve
Spider:3: layout_cave_pods
Spider:4: guppyfry_spider_rune
Orc:1:    layout_caves, portal_ice_cave_entry_imps
Orc:2:    grunt_orc_tribal_feast, layout_diamond_mine, uniq_azrael, uniq_nessos,
          uniq_erolcha

Skill      XL: |  1  2  3  4  5  6  7  8  9 10 11 12 13 14 15 16 17 18 |
---------------+-------------------------------------------------------+-----
Summonings     | 5 6 7 9 10 11 12 | 12.8
Air Magic      | 1 2 3 5 6 7 9 10 11 13 | 13.0
Fighting       | 1 2 3 4 5 7 8 9 10 11 12 13 15 16 | 16.2
Dodging        | 3 5 7 8 9 10 11 12 13 14 15 | 15.0
Spellcasting   | 3 4 5 6 7 8 9 10 | 10.0
Poison Magic   | 2 6 9 10 | 10.0
Polearms       | 2 5 7 8 10 11 | 11.0
Invocations    | 2 4 6 7 |  7.1
Shields        | 3 4 |  4.6
Ice Magic      | 4 5 6 |  6.0
Evocations     | 2 4 |  4.2
Conjurations   | 6 10 13 | 13.0
Stealth        | |  2.0

Action                   |  1- 3 |  4- 6 |  7- 9 | 10-12 | 13-15 | 16-18 || total
-------------------------+-------+-------+-------+-------+-------+-------++-------
Melee: Unarmed           |    11 |       |       |       |       |       ||    11
       Kick              |    10 |     6 |    12 |    29 |   101 |   100 ||   258
       Peck              |    10 |     2 |     7 |    13 |    80 |    67 ||   179
       Club              |    15 |       |       |       |       |       ||    15
       Dagger            |    23 |    21 |    66 |    54 |       |       ||   164
       Trident           |       |       |       |    97 |   596 |   680 ||  1373
 Cast: Summon Small Mamm |    41 |     5 |    19 |     7 |     4 |       ||    76
       Call Canine Famil |     1 |    19 |    53 |    27 |   105 |    79 ||   284
       Call Imp          |     1 |    10 |    17 |     4 |     6 |       ||    38
       Summon Lightning  |       |       |    24 |    72 |   102 |    89 ||   287
       Summon Guardian G |       |       |     4 |    22 |    15 |    51 ||    92
       Poisonous Vapours |       |       |       |     5 |    38 |   120 ||   163
       Olgreb's Toxic Ra |       |       |       |       |    25 |    43 ||    68
       Freezing Cloud    |       |       |       |       |       |     3 ||     3
Invok: Recall Undead Har |       |     1 |     3 |     2 |     1 |    27 ||    34
       Dark Bargain      |       |       |     1 |       |     1 |       ||     2
       Bind Soul         |       |       |       |       |     1 |     4 ||     5
       Drain Life        |       |       |       |       |       |     1 ||     1
Evoke: Wand              |       |       |       |       |     1 |       ||     1
  Use: Scroll            |       |       |     4 |     8 |    11 |    23 ||    46
       Potion            |       |       |       |       |       |    36 ||    36
 Stab: Sleeping          |     1 |       |     2 |       |       |     2 ||     5
       Distracted        |       |       |     3 |     1 |    24 |    24 ||    52
       Fleeing           |       |       |       |       |       |     2 ||     2
       Confused          |       |       |       |       |       |     2 ||     2
Armor: Robe              |    12 |     3 |    12 |     9 |    14 |       ||    50
       Leather armour    |       |       |       |       |    17 |    60 ||    77
Dodge: Dodged            |    52 |    15 |   128 |    92 |   210 |   464 ||   961
Block: Other             |       |       |       |    22 |    25 |       ||    47
       Reflection        |       |       |       |     2 |     2 |    19 ||    23
       Buckler           |       |       |       |       |    66 |   238 ||   304

Table legend: (Time is in decaauts)
 A = Elapsed time spent in this place.
 B = Non-inter-level travel time spent in this place.
 C = Inter-level travel time spent in this place.
 D = Time resting spent in this place.
 E = Time spent auto-exploring this place.
 F = Levels seen in this place.
 G = Mean time per level.
                   A        B        C        D        E       F      G
               +--------+--------+--------+--------+--------+-----+--------+
         Total |  51810 |  49538 |   2272 |  20225 |  17041 |  32 | 1619.1 |
       Dungeon |  25488 |  23838 |   1650 |   8482 |   9464 |  15 | 1699.2 |
          Lair |  12249 |  11863 |    386 |   5524 |   3998 |   6 | 2041.5 |
     Snake Pit |   6511 |   6331 |    180 |   2656 |   1859 |   3 | 2170.3 |
   Spider Nest |   5621 |   5600 |     21 |   2632 |   1308 |   4 | 1405.2 |
  Orcish Mines |    594 |    560 |     34 |    131 |    289 |   2 |  297.0 |
      Ice Cave |   1182 |   1182 |      0 |    700 |    121 |   1 | 1182.0 |
       Volcano |    163 |    163 |      0 |     98 |      0 |   1 |  163.0 |
               +--------+--------+--------+--------+--------+-----+--------+

Top non-repeatable levels by time:
  Lair:2: 3608 daAuts
     D:4: 3284 daAuts
 Snake:2: 2964 daAuts
    D:14: 2305 daAuts
  Lair:6: 2296 daAuts
    D:15: 2270 daAuts
     D:1: 2115 daAuts
     D:6: 2055 daAuts
    D:13: 2036 daAuts
  Lair:1: 1984 daAuts
 Snake:3: 1922 daAuts
     D:9: 1718 daAuts
    D:12: 1707 daAuts
  Lair:4: 1660 daAuts
 Snake:1: 1624 daAuts
